 Dungeon Crawl Stone Soup version 0.30.1-10-g1249ef9ec4 (webtiles) character file.

Game seed: 528515780484594248

75 lonewolfV2 the Covered (level 4, -5/35 HPs)
             Began as a Demonspawn Fighter on Oct 26, 2023.
             Succumbed to their own poison gas
             ... on level 2 of the Dungeon.
             The game lasted 00:03:53 (1927 turns).

lonewolfV2 the Covered (Demonspawn Fighter)         Turns: 1927, Time: 00:03:53

Health: -5/35      AC:  6    Str: 19    XL:     4   Next: 11%
Magic:  4/4        EV: 10    Int:  9    God:
Gold:   142        SH:  4    Dex: 12    Spells: 3/3 levels left

rFire   . . .        a - +0 war axe
rCold   + . .        c - +0 buckler
rNeg    . . .        b - +0 scale mail
rPois   .            (helmet restricted)
rElec   .            (no cloak)
rCorr   .            (no gloves)
SInv    .            (no boots)
Will    .....        (no amulet) Stlth
                     i - ring of protection from cold
HPRegen 0.25/turn    (no ring)
MPRegen 0.09/turn

%: no passive effects
@: lethally poisoned (-5 -> -48)
A: antennae 2
a: no special abilities


You were on level 2 of the Dungeon.
You visited 1 branch of the dungeon, and saw 2 of its levels.

You collected 142 gold pieces.

Inventory:

Hand Weapons
 a - a +0 war axe (weapon)
Armour
 b - a +0 scale mail (worn)
 c - a +0 buckler (worn)
Jewellery
 i - a ring of protection from cold (left hand)
 u - a ring of wizardry
Scrolls
 h - a scroll of poison
 m - a scroll of enchant weapon {unknown}
 o - a scroll of brand weapon {unknown}
 p - a scroll of teleportation {unknown}
 s - a scroll of fear {unknown}
 t - a scroll of immolation {unknown}
Potions
 d - a potion of might
 e - 2 potions of berserk rage
 f - a potion of ambrosia
 l - a potion of invisibility
 n - a potion of curing {unknown}
 q - a potion of brilliance {unknown}
 r - a potion of haste {unknown}


   Skills:
 - Level 3.0 Fighting
 - Level 1.7 Axes
 + Level 3.3 Armour
 * Level 2.7 Dodging
 - Level 2.6 Shields


You had 3 spell levels left.
You didn't know any spells.
Your spell library contained the following spells:

 Spells                   Type           Power      Damage    Failure   Level
 Kiss of Death            Conj/Necr      0%         2d5       83%         1
 Necrotise                Necr           0%         1d4       83%         1
 Summon Small Mammal      Summ           0%         N/A       83%         1
 Sublimation of Blood     Necr           0%         N/A       92%         2
 Call Canine Familiar     Summ           0%         N/A       99%         3
 Summon Guardian Golem    Hex/Summ       0%         N/A       99%         3
 Vampiric Draining        Necr           0%         2d6       99%         3


Dungeon Overview and Level Annotations

Branches:
Dungeon (2/15)

Altars:
Kikubaaqudgha

Shops:
D:1 :


Innate Abilities, Weirdness & Mutations

You have a pair of antennae on your head.


Message History

Done exploring.
Done exploring.
Done exploring.
You open the door.
There is an open door here.
There is a stone staircase leading down here.
There is an open door here.
There is a stone staircase leading down here.
As you read the scroll labelled YGRYUT IL ARCH, it crumbles to dust.
It is a scroll of identify.
e - 2 potions of berserk rage
As you read the scroll of identify, it crumbles to dust.
f - a potion of ambrosia
As you read the scroll of identify, it crumbles to dust.
l - a potion of invisibility The air fills with toxic fumes!
As you read the scroll labelled OMABBUI YHOTWU, it crumbles to dust.
It was a scroll of poison.
As you read the scroll labelled FEKHAL KIRAMARGH, it crumbles to dust.
It is a scroll of amnesia.
You feel forgetful for a moment.
Blink to where?
Press: ? - help, Dir - move target Really blink into that cloud of poison gas? [Y]es or [N]o only, please.
Really blink into that cloud of poison gas?
As you read the scroll labelled NEMMOF ZUMARR, it crumbles to dust.
It was a scroll of blinking.
You are engulfed in poison gas.
You are poisoned.
You feel very sick.
Okay, then.
You are engulfed in poison gas.
You are more poisoned.
You feel very sick.
You are engulfed in poison gas.
You are lethally poisoned!
* * * LOW HITPOINT WARNING * * *
You feel extremely sick.
You are engulfed in poison gas.
You are more poisoned.
* * * LOW HITPOINT WARNING * * *
You die...

#.# #.#.# ##'## #.##.##.# #.#
###.#.# ##...## #.##.##.# #.#
#...#.# ##§§§§§## #.......# #.#
#..##.###§§§§§§§######.####
#.###...#§##§§§§§§§§§####...####
#.........☼☼§§§§§§§§§+..........
###.#...####§§§§§§§§§####...####
#.....# ##§§§☼§§§## ##..#
#..##.# ##§@§☼§## ##.# #.....#
##§>§## #.# ##.#### ##§## #.#
#.# ##§####### #.# #.#
#.§§.....# #.# #.######
#..#####.# #.# ##.#....# ##...##
#.# #.# ##....##.####.....# #.#
#.# ##.................###.# #)#


There were no monsters in sight!

Vanquished Creatures
  A gnoll (D:1)
  An adder (D:2)
  A worm (D:2)
  3 bats
  3 endoplasms
  3 giant cockroaches
  11 goblins
  4 hobgoblins
  6 jackals
  2 quokkas (D:1)
  5 ball pythons
  3 frilled lizards (D:1)
  4 kobolds
  2 rats
49 creatures vanquished.

Notes
Turn   | Place    | Note
-------+----------+-------------------------------------------
     0 | D:1      | lonewolfV2 the Demonspawn Fighter began the quest for the
                  | Orb.
     0 | D:1      | Reached XP level 1. HP: 18/18 MP: 1/1
   316 | D:1      | Reached skill level 1 in Dodging
   331 | D:1      | Gained mutation: You have a pair of small antennae on your
                  | head. [demonic ancestry]
   331 | D:1      | Reached XP level 2. HP: 21/24 MP: 2/2
   626 | D:1      | Found Buqih's Book Shoppe.
   702 | D:1      | Reached XP level 3. HP: 27/29 MP: 3/3
  1356 | D:2      | Found a faded altar of an unknown god.
  1362 | D:2      | Gained mutation: You have a pair of antennae on your head.
                  | [demonic ancestry]
  1362 | D:2      | Reached XP level 4. HP: 34/35 MP: 4/4
  1366 | D:2      | Prayed at the altar of an unknown god.
  1366 | D:2      | Became a worshipper of Kikubaaqudgha
  1366 | D:2      | Reached * piety under Kikubaaqudgha
  1366 | D:2      | Received a gift from Kikubaaqudgha
  1369 | D:2      | Fell from the grace of Kikubaaqudgha
  1927 | D:2      | Succumbed to their own poison gas

Illustrated notes

Levels and vault maps discovered:
D:1:      dpeg_cavernosity, layout_loops_ring, serial_shops, nicolae_shop_trees,
          serial_park_tiny_1, minmay_quantized
D:2:      layout_loops_corners, ebering_ecumenical_altar_box

Skill      XL: |  1  2 |
---------------+-------+-----
Dodging        | 1 2 |  2.7
Armour         | 3 |  3.3
Fighting       | |  3.0
Axes           | |  1.7
Shields        | |  2.6

Action                     |  1- 3 |  4- 6 || total
---------------------------+-------+-------++-------
  Melee: War axe           |   123 |    10 ||   133
 Invoke: Renounce Religion |       |     1 ||     1
    Use: Scroll            |       |     6 ||     6
 Armour: Scale mail        |    62 |     3 ||    65
  Dodge: Dodged            |    81 |     5 ||    86
  Block: Buckler           |    33 |     4 ||    37
